[Event "Titled Tuesday Blitz March 21 Early 2023"]
[White "Friedel, Tom"]
[Black "Korchmar, Vasiliy"]
[WhiteFideId "2002108"]
[BlackFideId "24131750"]
[WhiteElo "2314"]
[BlackElo "2370"]
[Result "0-1"]
[Round "01"]
[TimeControl "180+2"]
[Date "2023.03.21"]
[WhiteClock "0:00:06"]
[BlackClock "0:00:51"]

1. e4 c5 2. Nf3 d6 3. c3 Nf6 4. Bd3 Nc6 5. Bc2 Bg4 6. d3 e6 7. Nbd2 Be7 8. O-O O-O 9. h3 Bh5 10. Re1 Rb8 11. Nf1 h6 12. Ng3 Bg6 13. Bd2 b5 14. Qe2 b4 15. Ba4 bxc3 16. Bxc3 Qb6 17. Rac1 Nd7 18. Nd2 Bf6 19. Nc4 Qc7 20. Bxf6 Nxf6 21. Bxc6 Qxc6 22. e5 Nd5 23. Qf3 dxe5 24. Nxe5 Qd6 25. b3 Bh7 26. Nc4 Qa6 27. Ne4 Bxe4 28. dxe4 Nb4 29. a4 Nc6 30. Qg3 Nd4 31. Rc3 Nxb3 32. Rxb3 Rb4 33. Rxb4 cxb4 34. Ne5 Qxa4 35. Qe3 a5 36. Rb1 Qc2 37. Qd3 Qa2 38. Nc4 Rc8 39. Qb3 Qxb3 40. Rxb3 Rxc4 41. f3 Kf8 42. Rb1 Ke7 43. Rb2 Kd6 44. Kf2 Kc5 45. Ke3 a4 46. Kd3 Rc3+ 47. Kd2 Kc4 0-1


[Site "https://www.chess.com"]

[Event "Titled Tuesday Blitz March 21 Early 2023"]
[White "Darini, Pouria"]
[Black "Hercegovac, Neven"]
[WhiteFideId "12502200"]
[BlackFideId "2839135"]
[WhiteElo "2482"]
[BlackElo "2075"]
[Result "1-0"]
[Round "01"]
[TimeControl "180+2"]
[Date "2023.03.21"]
[WhiteClock "0:00:35"]
[BlackClock "0:00:07"]

1. e4 e6 2. d4 d5 3. Nc3 Bb4 4. e5 c5 5. a3 Bxc3+ 6. bxc3 Ne7 7. h4 Qc7 8. h5 h6 9. Rb1 Nbc6 10. Nf3 c4 11. g3 Bd7 12. Bh3 Qa5 13. O-O O-O-O 14. Re1 Kb8 15. Qd2 Ka8 16. Nh4 Nc8 17. f4 Nb6 18. Qe3 Na4 19. Bd2 Rhg8 20. f5 Rde8 21. fxe6 Bxe6 22. Bxe6 Rxe6 23. Qf3 Nd8 24. Nf5 f6 25. exf6 Rxf6 26. Qg4 g6 27. Ne7 Re8 28. Qc8# 1-0


[Site "https://www.chess.com"]

[Event "Titled Tuesday Blitz March 21 Early 2023"]
[White "Kostiukov, Alexandr"]
[Black "Mischuk, Dmitry"]
[WhiteFideId "14108100"]
[BlackFideId "14118734"]
[WhiteElo "2202"]
[BlackElo "2256"]
[Result "1-0"]
[Round "01"]
[TimeControl "180+2"]
[Date "2023.03.21"]
[WhiteClock "0:00:13"]
[BlackClock "0:00:34"]

1. g3 d5 2. Bg2 Bg4 3. c4 c6 4. cxd5 cxd5 5. Qb3 Nf6 6. Qxb7 Nbd7 7. Qb3 e6 8. Nc3 Bc5 9. Nf3 O-O 10. O-O a5 11. Qc2 Rc8 12. Qa4 Bh5 13. d3 Qb6 14. e3 Bg6 15. d4 Bd6 16. Qb5 Qxb5 17. Nxb5 Bb4 18. Nc3 Bxc3 19. bxc3 Rxc3 20. Bd2 Rc2 21. Bxa5 Ra8 22. Bb4 Raxa2 23. Rxa2 Rxa2 24. Rc1 h6 25. h3 Ne4 26. Be1 Nd6 27. Bb4 Nc4 28. Bf1 Ndb6 29. Bc5 Be4 30. Bg2 Rb2 31. Bxb6 Nxb6 32. Ne1 Bg6 33. Bf1 Be4 34. Bd3 Bxd3 35. Nxd3 Rd2 36. Ne5 f6 37. Rc6 Rb2 38. Nd3 Rb1+ 39. Kg2 Kf7 40. Rc7+ Kg6 41. Nf4+ Kf5 42. Kf3 h5 43. Rxg7 1-0


[Site "https://www.chess.com"]

[Event "Titled Tuesday Blitz March 21 Early 2023"]
[White "Matinian, Nikita"]
[Black "Botez, Alexandra"]
[WhiteFideId "24129100"]
[BlackFideId "2603365"]
[WhiteElo "2422"]
[BlackElo "2059"]
[Result "1-0"]
[Round "01"]
[TimeControl "180+2"]
[Date "2023.03.21"]
[WhiteClock "0:02:09"]
[BlackClock "0:01:05"]

1. e4 c5 2. Nf3 Nc6 3. Bb5 g6 4. Bxc6 bxc6 5. O-O Bg7 6. Re1 d6 7. c3 e5 8. d4 cxd4 9. cxd4 Ne7 10. Nc3 O-O 11. Be3 Bg4 12. dxe5 Bxe5 13. h3 Bxf3 14. Qxf3 Qc7 15. Rac1 Rab8 16. b3 f5 17. Bh6 Rf7 18. Nd5 Nxd5 19. exd5 c5 20. Bf4 Bg7 21. Re6 Rd8 22. Rce1 Rfd7 23. h4 Kf7 24. h5 Rh8 25. h6 Bf6 26. Rxf6+ Kxf6 27. Qc3+ Kf7 28. Qg7# 1-0


[Site "https://www.chess.com"]

[Event "Titled Tuesday Blitz March 21 Early 2023"]
[White "Rosenberg, Evan S"]
[Black "Lewtak, Damian"]
[WhiteFideId "2019299"]
[BlackFideId "1141724"]
[WhiteElo "2307"]
[BlackElo "2302"]
[Result "1-0"]
[Round "01"]
[TimeControl "180+2"]
[Date "2023.03.21"]
[WhiteClock "0:00:15"]
[BlackClock "0:01:00"]

1. d4 d6 2. e4 Nf6 3. Nc3 g6 4. Nf3 Bg7 5. Be2 O-O 6. O-O a6 7. Re1 b5 8. e5 dxe5 9. Nxe5 Bb7 10. Bf3 Bxf3 11. Qxf3 Ra7 12. Be3 b4 13. Na4 Qd5 14. c4 Qxf3 15. Nxf3 c6 16. Rad1 Rd7 17. Nc5 Rdd8 18. Bf4 Nfd7 19. Nd3 c5 20. d5 Rfe8 21. b3 a5 22. Nfe5 Nxe5 23. Bxe5 Nd7 24. Bxg7 Kxg7 25. f4 e6 26. dxe6 Rxe6 27. Rxe6 fxe6 28. Nxc5 Nxc5 29. Rxd8 a4 30. bxa4 Nxa4 31. Rb8 Nc3 32. Rxb4 Nxa2 33. Rb7+ Kf6 34. Rxh7 Nc3 35. c5 Ne2+ 36. Kf2 Nxf4 37. c6 Nd5 38. c7 Nb6 39. Rh8 1-0


[Site "https://www.chess.com"]

[Event "Titled Tuesday Blitz March 21 Early 2023"]
[White "Martinez Reyes, Pedro Ramon"]
[Black "Zanette, Edgard Vinicius"]
[WhiteFideId "3901807"]
[BlackFideId "2109263"]
[WhiteElo "2340"]
[BlackElo "2211"]
[Result "1-0"]
[Round "01"]
[TimeControl "180+2"]
[Date "2023.03.21"]
[WhiteClock "0:00:57"]
[BlackClock "0:00:52"]

1. d4 Nf6 2. c4 e6 3. Nc3 Bb4 4. Qc2 d5 5. cxd5 exd5 6. Bg5 c6 7. e3 O-O 8. Bd3 h6 9. Bh4 Nbd7 10. Ne2 Re8 11. O-O Nf8 12. Rad1 Be7 13. f3 Be6 14. Nf4 Bd6 15. Nce2 Bd7 16. Bf2 g5 17. Nh3 Bxh3 18. gxh3 Qd7 19. Bf5 Qc7 20. Ng3 Ne6 21. Kh1 Ng7 22. Rg1 Bxg3 23. hxg3 Nxf5 24. Qxf5 Kg7 25. g4 Qd7 26. Qd3 Qe6 27. Kg2 Rac8 28. Rh1 Rh8 29. h4 Nd7 30. Bg3 f6 31. h5 Rhe8 32. Qg6+ 1-0


[Site "https://www.chess.com"]

[Event "Titled Tuesday Blitz March 21 Early 2023"]
[White "Shukhman, Anna"]
[Black "De Silva, L M S T"]
[WhiteFideId "54180058"]
[BlackFideId "9953698"]
[WhiteElo "2125"]
[BlackElo "2403"]
[Result "0-1"]
[Round "01"]
[TimeControl "180+2"]
[Date "2023.03.21"]
[WhiteClock "0:02:05"]
[BlackClock "0:01:40"]

1. e4 e5 2. Nf3 Nc6 3. Bb5 a6 4. Ba4 Nf6 5. O-O Be7 6. Re1 b5 7. Bb3 O-O 8. a4 Bb7 9. d4 Nxd4 10. Nxd4 exd4 11. e5 Ne4 12. Qxd4 Bc5 13. Qd1 Bxf2+ 14. Kh1 Qh4 15. Rxe4 Qxe4 16. Qf1 Bc5 17. Bd2 Qxe5 18. Nc3 b4 19. Ne2 Rae8 20. Nf4 Be3 21. Nd3 Qg5 22. Bxb4 c5 23. Bc3 d5 24. a5 d4 25. Be1 Bd5 26. Ba4 Re6 27. Bg3 Qxg3 0-1


[Site "https://www.chess.com"]

[Event "Titled Tuesday Blitz March 21 Early 2023"]
[White "Dimitrov, Atanas"]
[Black "Kaufman, Raymond"]
[WhiteFideId "2901315"]
[BlackFideId "2015056"]
[WhiteElo "2682"]
[BlackElo "2321"]
[Result "0-1"]
[Round "01"]
[TimeControl "180+2"]
[Date "2023.03.21"]
[WhiteClock "0:00:06"]
[BlackClock "0:00:20"]

1. Nf3 d5 2. c4 d4 3. b4 g6 4. Bb2 Bg7 5. g3 Nh6 6. Bg2 O-O 7. O-O Nf5 8. d3 e5 9. Nbd2 a5 10. b5 Nd7 11. Nb3 a4 12. Nbd2 a3 13. Bc1 Re8 14. Rb1 Nc5 15. Ne1 Nd6 16. Rb4 Bf5 17. f3 Bh6 18. Ne4 Bxc1 19. Qxc1 Ndxe4 20. fxe4 Bg4 21. Bf3 Bh3 22. Rf2 Qe7 23. Nc2 f5 24. exf5 gxf5 25. Bd5+ Kh8 26. Qd1 Qg5 27. Bg2 Bg4 28. Rb1 e4 29. Nb4 Rad8 30. Qf1 Qd2 31. h3 e3 32. Rf3 Bxf3 33. Bxf3 Rg8 34. Kh2 Na4 35. Rb3 Nc3 36. Rxa3 Nxe2 37. Qxe2 Qxb4 38. Ra7 Qd6 39. Qg2 Rg7 40. a4 Rdg8 41. Bd5 Rxg3 0-1


[Site "https://www.chess.com"]

[Event "Titled Tuesday Blitz March 21 Early 2023"]
[White "Levitan, Caleb Levi"]
[Black "Chernobay, Artem"]
[WhiteFideId "14332620"]
[BlackFideId "4167406"]
[WhiteElo "1963"]
[BlackElo "2474"]
[Result "0-1"]
[Round "01"]
[TimeControl "180+2"]
[Date "2023.03.21"]
[WhiteClock "0:00:07"]
[BlackClock "0:00:05"]

1. e4 c5 2. Nf3 e6 3. c4 Nc6 4. d4 cxd4 5. Nxd4 Nf6 6. Nc3 Bb4 7. f3 d5 8. Nxc6 bxc6 9. cxd5 exd5 10. exd5 Nxd5 11. Bd2 O-O 12. Nxd5 cxd5 13. Be2 Bc5 14. Qc2 Qb6 15. O-O-O Be6 16. Kb1 Rfc8 17. Qb3 Qd6 18. Rc1 Rab8 19. Qa4 Qe5 20. Bb5 Bd7 21. Bc3 Qf5+ 22. Ka1 Bxb5 23. Qh4 Bf8 24. Rhe1 Rc4 25. Qg3 Rbc8 26. Rcd1 Ba4 27. Rd2 d4 28. Rxd4 Rxd4 29. Bxd4 Qc2 30. a3 Bb3 31. Qf4 Qxg2 32. Rg1 Qe2 33. Qg5 Qe7 34. Qg4 Be6 35. Qg3 f6 36. Qf4 Qd7 37. Bxf6 Qd5 38. b3 Qxb3 39. Qd2 Qxa3+ 40. Kb1 Bf5+ 41. Qc2 Bxc2# 0-1


[Site "https://www.chess.com"]

[Event "Titled Tuesday Blitz March 21 Early 2023"]
[White "Starozhilov, Leonid"]
[Black "Sarkar, Justin"]
[WhiteFideId "14106752"]
[BlackFideId "2010011"]
[WhiteElo "2402"]
[BlackElo "2189"]
[Result "1-0"]
[Round "01"]
[TimeControl "180+2"]
[Date "2023.03.21"]
[WhiteClock "0:00:50"]
[BlackClock "0:00:02"]

1. e4 e5 2. Nf3 Nc6 3. Nc3 Nf6 4. Bb5 Nd4 5. Bc4 Bc5 6. d3 d6 7. h3 O-O 8. O-O c6 9. a3 d5 10. Ba2 Nxf3+ 11. Qxf3 d4 12. Ne2 Be7 13. Ng3 g6 14. Bh6 Re8 15. Qe2 Bf8 16. Bxf8 Rxf8 17. f4 exf4 18. Rxf4 Be6 19. Bxe6 fxe6 20. Raf1 e5 21. R4f2 Qe7 22. Qd2 Nd7 23. Qa5 b6 24. Qa4 Rxf2 25. Rxf2 Qe6 26. Qb4 a5 27. Qd2 Rf8 28. Rxf8+ Kxf8 29. b3 Kg7 30. Nf1 Qe7 31. a4 Qb4 32. Qg5 Qf8 33. Ng3 h6 34. Qg4 Qf7 35. Nh5+ Kh8 36. Ng3 Kh7 37. h4 h5 38. Qh3 Qe7 39. Nh1 Nc5 40. g4 Ne6 41. gxh5 gxh5 42. Qf5+ Kh6 43. Ng3 Nf4 44. Qxf4+ exf4 45. Nf5+ 1-0


[Site "https://www.chess.com"]

[Event "Titled Tuesday Blitz March 21 Early 2023"]
[White "Bogaudinov, Rushan"]
[Black "Sakun, Volodymyr"]
[WhiteFideId "4129288"]
[BlackFideId "14114062"]
[WhiteElo "1949"]
[BlackElo "2331"]
[Result "0-1"]
[Round "01"]
[TimeControl "180+2"]
[Date "2023.03.21"]
[WhiteClock "0:00:02"]
[BlackClock "0:01:25"]

1. d4 e6 2. Nf3 f5 3. g3 Nf6 4. Bg2 d5 5. c4 c6 6. Nc3 Bd6 7. Bg5 Nbd7 8. O-O O-O 9. c5 Bc7 10. b4 h6 11. Bxf6 Qxf6 12. a4 e5 13. dxe5 Nxe5 14. Nd4 f4 15. b5 Bg4 16. Qb3 Kh8 17. f3 fxg3 18. hxg3 Bd7 19. e4 Ng4 20. Nce2 Bxg3 21. fxg4 Bf2+ 22. Rxf2 Qxf2+ 23. Kh2 Bxg4 24. Rf1 Qh4+ 25. Kg1 Rxf1+ 26. Bxf1 Bxe2 27. Nxe2 Rf8 28. Qg3 Qxe4 29. bxc6 bxc6 30. Qg2 Qe3+ 0-1


[Site "https://www.chess.com"]

[Event "Titled Tuesday Blitz March 21 Early 2023"]
[White "Itgelt, Khuyagtsogt"]
[Black "Biriukov, Ilja"]
[WhiteFideId "4902912"]
[BlackFideId "4113373"]
[WhiteElo "2227"]
[BlackElo "2426"]
[Result "1-0"]
[Round "01"]
[TimeControl "180+2"]
[Date "2023.03.21"]
[WhiteClock "0:00:03"]
[BlackClock "0:00:02"]

1. d4 Nf6 2. Nf3 g6 3. c4 Bg7 4. g3 d6 5. Bg2 O-O 6. O-O Nbd7 7. Nc3 e5 8. Qc2 c6 9. Rd1 Re8 10. e4 a5 11. b3 exd4 12. Nxd4 Nc5 13. h3 Qc7 14. Be3 Nfd7 15. Rab1 Ne5 16. f4 Ned7 17. Bf2 Ne6 18. Nf3 Ndc5 19. Re1 Bd7 20. a3 Rad8 21. b4 axb4 22. axb4 Na6 23. e5 Nf8 24. Ne4 dxe5 25. fxe5 Be6 26. Nd6 Re7 27. c5 Bd5 28. Bd4 Ne6 29. Bc3 b6 30. Ra1 Nb8 31. Bd2 bxc5 32. bxc5 Nd7 33. Ba5 Qb8 34. Reb1 Qa8 35. Bxd8 Qxd8 36. Re1 Ndxc5 37. Rad1 Rd7 38. Nc4 Bxc4 39. Rxd7 Qxd7 40. Qxc4 Bf8 41. Rc1 Kg7 42. Kh2 Qb7 43. Nd4 Nxd4 44. Qxd4 Ne6 45. Qc3 Qb5 46. Bxc6 1-0


[Site "https://www.chess.com"]

[Event "Titled Tuesday Blitz March 21 Early 2023"]
[White "Xu, Daniel"]
[Black "Baskin, Robert"]
[WhiteFideId "2627345"]
[BlackFideId "24662402"]
[WhiteElo "1980"]
[BlackElo "2488"]
[Result "1-0"]
[Round "01"]
[TimeControl "180+2"]
[Date "2023.03.21"]
[WhiteClock "0:00:57"]
[BlackClock "0:01:24"]

1. e4 Nc6 2. d4 d6 3. Nc3 Nf6 4. f3 g6 5. Be3 Bg7 6. Qd2 a6 7. O-O-O e5 8. Nge2 O-O 9. h4 b5 10. h5 b4 11. Na4 exd4 12. Nxd4 Nxd4 13. Bxd4 Bd7 14. b3 Bxa4 15. bxa4 c5 16. Bb2 Qa5 17. hxg6 hxg6 18. Bc4 Qxa4 19. Qg5 Rae8 20. Bxf6 Qa3+ 21. Kb1 Re5 22. Bxe5 1-0


[Site "https://www.chess.com"]

[Event "Titled Tuesday Blitz March 21 Early 2023"]
[White "Aggelis, Nikolaos"]
[Black "TigranHH"]
[WhiteFideId "4213220"]
[WhiteElo "2189"]
[BlackElo "2269"]
[Result "1-0"]
[Round "01"]
[TimeControl "180+2"]
[Date "2023.03.21"]
[WhiteClock "0:00:58"]
[BlackClock "0:00:28"]

1. d4 Nf6 2. g3 e6 3. Bg2 d5 4. Nf3 Be7 5. O-O O-O 6. c4 c6 7. Nbd2 Nbd7 8. b3 a5 9. a3 b5 10. Bb2 bxc4 11. bxc4 Ba6 12. Qc2 Rb8 13. Rab1 c5 14. Rfd1 cxd4 15. Nxd4 Qc7 16. cxd5 Qxc2 17. Nxc2 Nxd5 18. Nd4 Rfc8 19. e3 h6 20. Bf1 Bxf1 21. Kxf1 Nc5 22. Ba1 Na4 23. Rxb8 Rxb8 24. Rb1 Rc8 25. N2b3 Bxa3 26. Nxa5 Rc1+ 27. Rxc1 Bxc1 28. Ke2 Ba3 29. Nc4 Be7 30. g4 Kh7 31. Nd2 Nac3+ 32. Kf3 Bd6 33. h3 Na4 34. Ne4 Kg6 35. Nxd6 1-0


[Site "https://www.chess.com"]

[Event "Titled Tuesday Blitz March 21 Early 2023"]
[White "Zaichenko, Daria"]
[Black "Papasimakopoulos, Alexandros"]
[WhiteFideId "4197453"]
[BlackFideId "4244125"]
[WhiteElo "2039"]
[BlackElo "2359"]
[Result "1-0"]
[Round "01"]
[TimeControl "180+2"]
[Date "2023.03.21"]
[WhiteClock "0:00:25"]
[BlackClock "0:00:13"]

1. e4 e6 2. d4 d5 3. e5 a6 4. Nf3 Bd7 5. c4 Bb4+ 6. Bd2 Bxd2+ 7. Nbxd2 Ne7 8. cxd5 exd5 9. Bd3 Bb5 10. Bxb5+ axb5 11. O-O O-O 12. Nb3 Re8 13. Qd3 c6 14. Nfd2 Nd7 15. f4 f5 16. Nf3 Nf8 17. Nc5 b6 18. Nb7 Qd7 19. Nd6 Red8 20. Nh4 g6 21. Kh1 Nc8 22. Nxc8 Rdxc8 23. g4 fxg4 24. f5 gxf5 25. Nxf5 Ng6 26. Nh6+ Kh8 27. Nf7+ Kg7 28. Qe3 Rf8 29. e6 Qe7 30. Qh6+ Kg8 31. Ng5 Rxf1+ 32. Rxf1 Rf8 33. Rf7 Rxf7 34. exf7+ Qxf7 35. Nxf7 Kxf7 36. Qxh7+ Kf6 37. Qd7 Ne7 38. Qd6+ Kf7 39. Qf4+ Kg6 40. Qxg4+ Kf6 41. h4 Nf5 42. Qg5+ Ke6 43. Qg6+ 1-0


[Site "https://www.chess.com"]

[Event "Titled Tuesday Blitz March 21 Early 2023"]
[White "Rostomyan, Mikayel"]
[Black "Lesbekova, Assel"]
[WhiteFideId "13313754"]
[BlackFideId "13713248"]
[WhiteElo "2009"]
[BlackElo "1799"]
[Result "0-1"]
[Round "01"]
[TimeControl "180+2"]
[Date "2023.03.21"]
[WhiteClock "0:00:01"]
[BlackClock "0:00:16"]

1. d4 f5 2. Bf4 d6 3. Nf3 g6 4. e3 Bg7 5. c4 Nf6 6. Nc3 O-O 7. Be2 c6 8. O-O Nbd7 9. h3 h6 10. Nd2 e5 11. Bh2 Qe7 12. d5 c5 13. a3 b6 14. b4 g5 15. Kh1 Rd8 16. f4 gxf4 17. exf4 e4 18. Qc2 Ba6 19. Rfe1 Nf8 20. Bf1 Ng6 21. Re3 Nh5 22. g4 fxg4 23. hxg4 Nhxf4 24. Ndxe4 Qh4 25. Rae1 Qxg4 26. Rg3 Qf5 27. Qf2 Rf8 28. Nxd6 Qd7 29. Nce4 Nh5 30. Rxg6 Rxf2 31. Nxf2 Kh7 32. Bd3 Kh8 33. Nf5 Rf8 34. Re7 Qxe7 35. Nxe7 Rxf2 36. d6 Rd2 37. Bf5 Bxc4 38. d7 Nf6 39. Rg1 Nxd7 40. Bc7 Bd5+ 0-1


[Site "https://www.chess.com"]

[Event "Titled Tuesday Blitz March 21 Early 2023"]
[White "Abrosimov, Vladimir"]
[Black "Zamorano, Jorge"]
[WhiteFideId "4166892"]
[BlackFideId "173770"]
[WhiteElo "2336"]
[BlackElo "2331"]
[Result "0-1"]
[Round "01"]
[TimeControl "180+2"]
[Date "2023.03.21"]
[WhiteClock "0:00:03"]
[BlackClock "0:00:58"]

1. c4 e5 2. Nc3 Nf6 3. g3 c6 4. e4 d5 5. cxd5 cxd5 6. exd5 Nxd5 7. Bg2 Nb4 8. Qa4+ Bd7 9. Qd1 Bc6 10. Bxc6+ N8xc6 11. Nge2 Nd3+ 12. Kf1 Bc5 13. Ne4 Bb6 14. N2c3 f5 15. Qf3 fxe4 16. Nxe4 Nxf2 17. Nxf2 Rf8 18. Qh5+ g6 19. Qxh7 Rxf2+ 20. Ke1 Qd3 21. Qg8+ Kd7 22. Qg7+ Ke6 23. Kd1 Nd4 24. Re1 Qc2# 0-1


[Site "https://www.chess.com"]

[Event "Titled Tuesday Blitz March 21 Early 2023"]
[White "Domingo Nunez, Ruben"]
[Black "sebastianmarinp"]
[WhiteFideId "22245570"]
[WhiteElo "2404"]
[BlackElo "2263"]
[Result "0-1"]
[Round "01"]
[TimeControl "180+2"]
[Date "2023.03.21"]
[WhiteClock "0:00:03"]
[BlackClock "0:00:09"]

1. b3 d5 2. Bb2 Bf5 3. Nf3 Nd7 4. e3 Ngf6 5. c4 e6 6. Be2 Bd6 7. O-O O-O 8. h3 a5 9. Nc3 c6 10. Rc1 Qe7 11. d4 Ba3 12. Qd2 Bxb2 13. Qxb2 Ne4 14. Na4 Rfb8 15. c5 Bg6 16. Ne5 Nef6 17. f4 Be4 18. Qd2 Rf8 19. Qe1 Ra7 20. Qh4 Qd8 21. Rf2 Qc7 22. Rcf1 b5 23. cxb6 Nxb6 24. Nc5 a4 25. b4 a3 26. Rc1 Qd6 27. Bf1 Rc8 28. g4 Nfd7 29. Qg3 f6 30. Ned3 Nc4 31. Ne1 Nb2 32. Nxe4 dxe4 33. Nc2 Nd3 34. Bxd3 exd3 35. Ne1 Qxb4 36. Nxd3 Qb5 37. e4 c5 38. d5 c4 39. Ne1 exd5 40. e5 fxe5 41. fxe5 Re8 42. Re2 Nc5 43. Qf3 Ne4 44. Nc2 Rae7 45. Nd4 Qc5 46. Qe3 Rxe5 47. Kh2 Nf6 48. Qd2 Rxe2+ 49. Nxe2 Qf2+ 50. Kh1 Rxe2 0-1


[Site "https://www.chess.com"]

[Event "Titled Tuesday Blitz March 21 Early 2023"]
[White "Barria Santos, Jose Guilherme"]
[Black "Cuenca Jimenez, Jose Fernando"]
[WhiteFideId "1939300"]
[BlackFideId "2255570"]
[WhiteElo "2301"]
[BlackElo "2429"]
[Result "0-1"]
[Round "01"]
[TimeControl "180+2"]
[Date "2023.03.21"]
[WhiteClock "0:00:37"]
[BlackClock "0:01:25"]

1. e4 d6 2. d4 Nf6 3. Nc3 e5 4. Nf3 Nbd7 5. Be2 Be7 6. O-O O-O 7. h3 c6 8. Be3 b5 9. a3 a6 10. Nh2 c5 11. dxe5 dxe5 12. Ng4 Bb7 13. Bf3 b4 14. axb4 cxb4 15. Nd5 Nxd5 16. exd5 Bd6 17. Nh2 f5 18. Be2 Qc7 19. b3 e4 20. Bc4 Bxh2+ 21. Kh1 Bd6 0-1


[Site "https://www.chess.com"]

[Event "Titled Tuesday Blitz March 21 Early 2023"]
[White "Tregubov, Pavel V."]
[Black "victormago"]
[WhiteFideId "4115341"]
[WhiteElo "2425"]
[BlackElo "2260"]
[Result "1-0"]
[Round "01"]
[TimeControl "180+2"]
[Date "2023.03.21"]
[WhiteClock "0:00:18"]
[BlackClock "0:00:08"]

1. e4 c5 2. Nf3 d6 3. Bb5+ Bd7 4. Bxd7+ Qxd7 5. O-O Nc6 6. c3 Nf6 7. Qe2 e6 8. d4 cxd4 9. cxd4 d5 10. e5 Ne4 11. Be3 Be7 12. Ne1 h6 13. f3 Ng5 14. Nc3 O-O 15. Nd3 Rfc8 16. Bf2 b6 17. f4 Nh7 18. Be3 Nb4 19. Nf2 Rc4 20. a3 Nc6 21. Qd3 Na5 22. Ng4 h5 23. Nf2 g6 24. g4 hxg4 25. Nxg4 Rac8 26. Rf3 Bf8 27. Rh3 Bg7 28. Kh1 Qc6 29. Rg1 Rxc3 30. bxc3 Qxc3 31. Bd2 Qxd3 32. Rxd3 Nc4 33. Bb4 a5 34. Be7 Bf8 35. Bxf8 Kxf8 36. h4 Ke7 37. Rc3 Rh8 38. Kg2 Nf8 39. Kg3 Nd7 40. Ne3 Nd2 41. Rc7 Ne4+ 42. Kg4 Nf2+ 43. Kf3 Ne4 44. Rh1 Kd8 45. Ra7 Rh5 46. Ng4 Nd2+ 47. Ke3 Nc4+ 48. Kf3 Rf5 49. h5 gxh5 50. Nh6 Nxa3 51. Nxf5 exf5 52. Rxh5 Ke7 53. Rxf5 b5 54. Rxf7+ Kxf7 55. Rxd7+ Ke6 56. Rd6+ Ke7 57. f5 b4 58. Rb6 Nc4 59. Rb7+ Kf8 60. f6 b3 61. e6 1-0


[Site "https://www.chess.com"]

[Event "Titled Tuesday Blitz March 21 Early 2023"]
[White "Fajdetic, Hrvoje"]
[Black "Alvarez Calzadilla, Jose Avelino"]
[WhiteFideId "14501945"]
[BlackFideId "3526151"]
[WhiteElo "2185"]
[BlackElo "2310"]
[Result "0-1"]
[Round "01"]
[TimeControl "180+2"]
[Date "2023.03.21"]
[WhiteClock "0:01:35"]
[BlackClock "0:01:44"]

1. d4 Nf6 2. Bf4 d6 3. Nc3 Nbd7 4. Nf3 c6 5. Qd2 Qc7 6. h3 e5 7. dxe5 dxe5 8. Bh2 Bb4 9. O-O-O O-O 10. a3 Ne4 11. Nxe4 Bxd2+ 12. Rxd2 f6 13. e3 Nb6 14. Nc5 Qe7 15. Nb3 Be6 16. Be2 Rad8 17. Rhd1 Rxd2 18. Rxd2 Rd8 19. Rxd8+ Qxd8 20. Nfd2 Qe8 21. e4 Qg6 22. g4 Qh6 23. Bf1 Bc4 24. Bg2 Nd7 25. Kb1 Be6 26. Kc1 Bxg4 0-1


[Site "https://www.chess.com"]

[Event "Titled Tuesday Blitz March 21 Early 2023"]
[White "polandchessplayer"]
[Black "Thiel, Thomas"]
[BlackFideId "4615964"]
[WhiteElo "2647"]
[BlackElo "2251"]
[Result "1-0"]
[Round "01"]
[TimeControl "180+2"]
[Date "2023.03.21"]
[WhiteClock "0:00:48"]
[BlackClock "0:00:01"]

1. c4 Nf6 2. Nf3 g6 3. g3 Bg7 4. Bg2 O-O 5. O-O c6 6. d4 d5 7. Qc2 Na6 8. Nbd2 dxc4 9. Nxc4 Bf5 10. Qd1 Nb4 11. Bf4 Nfd5 12. Qd2 Nxf4 13. gxf4 Nd5 14. e3 Nf6 15. Nfe5 Be4 16. f3 Bd5 17. b3 Nd7 18. Rad1 Nxe5 19. fxe5 a5 20. a4 b5 21. axb5 cxb5 22. Na3 Bxb3 23. Rb1 Bc4 24. Nxc4 bxc4 25. f4 Rc8 26. Qc3 e6 27. Rfc1 Re8 28. Ra1 Bf8 29. Rxa5 Qb6 30. Ra4 Qb3 31. Rxc4 Rxc4 32. Qxb3 Rxc1+ 33. Kf2 Rec8 34. Be4 R1c3 35. Qb2 Ba3 36. Qb7 Bc1 37. Bd3 Rd8 38. Ke2 Ba3 39. h4 Bf8 40. h5 Rdc8 41. hxg6 hxg6 42. Be4 Kg7 43. d5 exd5 44. Bxd5 1-0


[Site "https://www.chess.com"]

[Event "Titled Tuesday Blitz March 21 Early 2023"]
[White "Hernandez Leon, Alberto"]
[Black "Budrewicz, Krzysztof"]
[WhiteFideId "2272555"]
[BlackFideId "1127950"]
[WhiteElo "2239"]
[BlackElo "2230"]
[Result "1-0"]
[Round "01"]
[TimeControl "180+2"]
[Date "2023.03.21"]
[WhiteClock "0:00:15"]
[BlackClock "0:00:03"]

1. d4 Nf6 2. c4 g6 3. Nc3 Bg7 4. e4 d6 5. h3 O-O 6. Be3 e5 7. d5 Nbd7 8. g4 Nc5 9. f3 a5 10. Qd2 Ne8 11. Nge2 f5 12. O-O-O Bf6 13. g5 Be7 14. h4 Ng7 15. Bxc5 dxc5 16. Ng3 Ra6 17. Kb1 a4 18. Bd3 a3 19. b3 fxe4 20. Ncxe4 Rxf3 21. h5 Rxd3 22. Qxd3 Bg4 23. hxg6 hxg6 24. Rdf1 Nf5 25. Nxf5 gxf5 26. Nf2 Bxg5 27. Nxg4 e4 28. Qc3 Qd6 29. Qh8+ Kf7 30. Rh7+ Kg6 31. Qg7# 1-0


[Site "https://www.chess.com"]

[Event "Titled Tuesday Blitz March 21 Early 2023"]
[White "Al-Tarboush, Ward"]
[Black "Bommini, Mounika Akshaya"]
[WhiteFideId "7601450"]
[BlackFideId "25019872"]
[WhiteElo "2257"]
[BlackElo "2088"]
[Result "1-0"]
[Round "01"]
[TimeControl "180+2"]
[Date "2023.03.21"]
[WhiteClock "0:01:40"]
[BlackClock "0:00:23"]

1. e4 e5 2. Nf3 Nc6 3. Bb5 a6 4. Ba4 Nf6 5. O-O Be7 6. d3 b5 7. Bb3 O-O 8. Nc3 d6 9. a3 Bg4 10. Be3 Nd4 11. Bxd4 exd4 12. Nd5 c6 13. Nxf6+ Bxf6 14. h3 Bh5 15. g4 Bg6 16. Ne1 h5 17. f4 hxg4 18. hxg4 d5 19. e5 Bh4 20. Nf3 Bg3 21. f5 Bh7 22. Kg2 Bf4 23. Nxd4 Bxe5 24. Nxc6 Qd6 25. Nxe5 Qxe5 26. d4 Qe4+ 27. Qf3 Qxd4 28. Rad1 Qxb2 29. Rh1 Rac8 30. Qh3 Rxc2+ 31. Bxc2 Qxc2+ 32. Kg3 Qb3+ 33. Kh2 Qc2+ 34. Qg2 Rc8 35. Qxc2 Rxc2+ 36. Kg3 Rc3+ 37. Kf4 Rxa3 38. Rxd5 Ra4+ 39. Kg3 Ra3+ 40. Kf2 Ra2+ 41. Ke3 Ra3+ 42. Kd2 1-0


[Site "https://www.chess.com"]